Predators vs Sabres
(R1)
Created - October 31, 2024 at 19:46
Goals
|
Predators |
2 |
0 |
1 |
3 |
Sabres |
0 |
0 |
1 |
1 |
|
Shots
|
Predators |
12 |
3 |
10 |
25 |
Sabres |
4 |
19 |
11 |
34 |
|
1st period
1. Predators , Nicolas Kerdiles 2 (Justin Faulk 3, Ryan Mcdonagh 1) at 17:26
2. Predators , Justin Faulk 1 (Mark Pysyk 3, Jaden Schwartz 3) at 18:27
Penalties :
Mathew Dumba (Buf) for Delaying the game (Minor) at 3:37, Jack Eichel (Nas) for Hooking (Minor) at 13:32
2nd period
No Goal
Penalties :
Travis Dermott (Nas) for Slashing (Minor) at 2:14, Reilly Smith (Nas) for Roughing (Minor) at 8:23, Jack Eichel (Nas) for Holding Stick (Minor) at 13:27
3rd period
3. Sabres , Samuel Morin 3 (Viktor Arvidsson 1, Jordan Staal 3) at 7:50
4. Predators , Alexander Ovechkin 1 (Mikael Granlund 3, John Moore 2) at 14:15
Penalties :
Scott Laughton (Nas) for Hooking (Minor) at 0:44, Cal Clutterbuck (Buf) for Tripping (Minor) at 10:32, Justin Faulk (Nas) for Tripping (Minor) at 13:18, Artemi Panarin (Buf) for Cross-checking (Minor) at 13:33
Goalie Stats
Andrei Vasilevskiy (Nas), 33 saves from 34 shots - (0.971), W, 1-3-0, 60:00 minutes
John Gibson (Buf), 22 saves from 25 shots - (0.880), L, 1-3-1, 60:00 minutes
Players Stats for Predators
Player Name G A P +/- PIM S H SB GA TA FO MP PP MP PK MP
------------------------------------------------------------------------------------
Alexander Ovechkin 1 0 1 1 0 1 4 1 0 0 0/1 20:44 2:18 1:33
Andreas Englund 0 0 0 0 0 0 2 0 0 0 0/0 11:34 0:00 0:15
Andy Miele 0 0 0 0 0 1 2 0 0 0 4/9 15:20 1:40 5:23
Claude Giroux 0 0 0 0 0 1 2 0 1 1 0/0 12:52 0:15 3:16
Jack Eichel 0 0 0 0 4 1 0 0 0 1 11/25 19:06 2:33 0:43
Jaden Schwartz 0 1 1 0 0 4 0 0 1 0 0/1 17:01 1:40 3:16
Joel Armia 0 0 0 1 0 0 0 0 1 0 0/0 7:45 0:00 0:00
John Moore 0 1 1 1 0 0 1 1 0 0 0/0 23:31 1:33 4:05
Justin Faulk 1 1 2 1 2 4 2 0 0 1 0/0 26:13 2:55 5:50
Mark Pysyk 0 1 1 0 0 1 1 1 1 0 0/0 17:25 0:00 5:21
Markus Granlund 0 0 0 1 0 0 0 1 1 0 0/2 8:09 0:00 0:48
Mikael Granlund 0 1 1 1 0 4 0 1 0 0 4/6 19:06 2:18 0:00
Morgan Rielly 0 0 0 0 0 0 0 2 0 0 0/0 16:51 1:18 4:05
Nicolas Kerdiles 1 0 1 1 0 3 0 0 0 1 0/0 7:15 0:00 0:00
Reilly Smith 0 0 0 0 2 1 4 1 0 0 1/1 10:08 1:40 0:00
Ryan Mcdonagh 0 1 1 2 0 1 1 1 0 0 0/0 27:25 2:55 6:05
Scott Laughton 0 0 0 0 2 3 3 0 0 2 5/9 11:43 0:00 0:00
Travis Dermott 0 0 0 0 2 0 2 2 1 0 0/0 15:52 0:00 0:00
Players Stats for Sabres
Player Name G A P +/- PIM S H SB GA TA FO MP PP MP PK MP
------------------------------------------------------------------------------------
Artemi Panarin 0 0 0 -1 2 5 3 0 1 1 5/5 23:05 5:44 2:42
Cal Clutterbuck 0 0 0 -1 2 4 0 0 0 0 1/2 19:16 5:27 0:00
Corey Perry 0 0 0 -1 0 0 0 0 0 0 0/0 11:15 0:00 0:15
Evgeni Malkin 0 0 0 -1 0 1 0 0 0 0 0/1 10:30 0:00 1:05
Ilya Kovalchuk 0 0 0 -1 0 0 0 0 0 0 0/0 7:19 0:18 0:15
Jordan Staal 0 1 1 1 0 1 5 0 1 0 6/14 18:12 4:25 1:05
Kyle Okposo 0 0 0 0 0 0 0 0 0 0 1/1 7:29 0:00 0:11
Kyle Rau 0 0 0 0 0 2 2 0 0 0 0/0 6:38 0:00 0:00
Mathew Dumba 0 0 0 0 2 1 1 0 2 1 0/0 25:52 5:51 1:12
Mika Zibanejad 0 0 0 -2 0 7 2 1 1 0 15/29 26:35 5:45 2:42
Nate Schmidt 0 0 0 -2 0 0 3 0 0 1 0/0 21:34 4:19 2:11
Neal Pionk 0 0 0 -2 0 1 0 0 1 1 0/0 21:04 4:19 1:40
Noah Hanifin 0 0 0 0 0 0 1 0 0 1 0/0 12:34 0:00 0:50
Robby Fabbri 0 0 0 -1 0 1 2 0 0 0 0/0 9:51 0:00 0:11
Samuel Morin 1 0 1 1 0 5 0 0 0 1 1/1 16:55 4:25 0:00
Tyson Barrie 0 0 0 0 0 0 2 0 0 0 0/0 12:27 0:00 0:00
Victor Hedman 0 0 0 0 0 5 0 1 0 0 0/0 26:29 5:51 2:33
Viktor Arvidsson 0 1 1 1 0 1 0 0 0 0 0/1 16:55 4:25 0:00
3 Stars
1 - Andrei Vasilevskiy (Nas)
2 - Alexander Ovechkin (Nas)
3 - Justin Faulk (Nas)
Power Play
Predators - 0 on 3 Attempt(s) - 0.00%
Sabres - 0 on 6 Attempt(s) - 0.00%
Penalty Kill
Predators - 6 on 6 Attempt(s) - 100.00%
- Score 0 goal in Penalty Kill
Sabres - 3 on 3 Attempt(s) - 100.00%
- Score 0 goal in Penalty Kill
Team Stat
Predators - Hits : 24 - Faceoff Wins : 25 - Blocked Shots : 11 - Penalty Minutes : 12
Sabres - Hits : 21 - Faceoff Wins : 29 - Blocked Shots : 2 - Penalty Minutes : 6
Official
Referees : Francis Charron and Reid Anderson
Linesman : Ryan Galloway and Steve Barton
Game Notes
No Game Note
Finance
Level 1 -- Attendance: 6000 (100.00%) -- Ticket Income $600,000
Level 2 -- Attendance: 4531 (90.62%) -- Ticket Income $317,170
Level 3 -- Attendance: 1840 (92.00%) -- Ticket Income $73,600
Level 4 -- Attendance: 3916 (97.90%) -- Ticket Income $117,480
Luxury Box -- Attendance: 975 (97.50%) -- Ticket Income $195,000
Game was played at the Key Bank Center.
Total Attendance: 17262 (95.90%)
Total Ticket Income: $1,303,250
Other Income: $195,488
Total Income: $1,498,738
Predators
5 vs 5 Forward
Center Left Wing Right Wing Time % Phy DF OF
1 Jack Eichel Alexander Ovechkin Mikael Granlund 40 1 2 2
2 Scott Laughton Jaden Schwartz Mark Pysyk 30 1 2 2
3 Andy Miele Claude Giroux Reilly Smith 20 1 2 2
4 Markus Granlund Nicolas Kerdiles Joel Armia 10 1 2 2
5 vs 5 Defense
Defense Defense Time % Phy DF OF
1 Ryan Mcdonagh Justin Faulk 40 1 2 2
2 John Moore Travis Dermott 30 1 2 2
3 Andreas Englund Morgan Rielly 20 1 2 2
4 Ryan Mcdonagh Justin Faulk 10 1 3 1
PowerPlay Forward
Center Left Wing Right Wing Time % Phy DF OF
1 Jack Eichel Alexander Ovechkin Mikael Granlund 60 1 1 3
2 Andy Miele Jaden Schwartz Reilly Smith 40 1 1 3
PowerPlay Defense
Defense Defense Time % Phy DF OF
1 Ryan Mcdonagh Justin Faulk 60 1 2 2
2 John Moore Morgan Rielly 40 1 2 2
Penalty Kill 4 Players Forward
Center Wing Time % Phy DF OF
1 Andy Miele Mark Pysyk 60 1 2 2
2 Claude Giroux Jaden Schwartz 40 1 2 2
Penalty Kill 4 Players Defense
Defense Defense Time % Phy DF OF
1 Ryan Mcdonagh Justin Faulk 60 1 3 1
2 John Moore Morgan Rielly 40 1 3 1
Penalty Kill - 3 Players Forward
Forward Time % Phy DF OF
1 Mark Pysyk 60 1 3 1
2 Claude Giroux 40 1 3 1
Penalty Kill - 3 Players Defense
Defense Defense Time % Phy DF OF
1 Ryan Mcdonagh Justin Faulk 60 1 3 1
2 John Moore Morgan Rielly 40 1 3 1
4 vs 4 Forward
Center Wing Time % Phy DF OF
1 Mikael Granlund Alexander Ovechkin 60 1 2 2
2 Jack Eichel Claude Giroux 40 1 2 2
4 vs 4 Defense
Defense Defense Time % Phy DF OF
1 Ryan Mcdonagh Justin Faulk 60 1 2 2
2 John Moore Morgan Rielly 40 1 2 2
Last Minutes Offensive
Center Left Wing Right Wing Defense Defense
Jack Eichel Alexander Ovechkin Mikael Granlund Ryan Mcdonagh Justin Faulk
Last Minutes Defensive
Center Left Wing Right Wing Defense Defense
Andy Miele Claude Giroux Mark Pysyk Ryan Mcdonagh John Moore
Goaltenders
Starting : Andrei Vasilevskiy
Backup : Kari Lehtonen
Extra Forwards
Normal : Mark Pysyk, Reilly Smith, Alexander Ovechkin - PP : Mark Pysyk, Reilly Smith - PK : Mark Pysyk
Extra Defensemen
Normal : John Moore, Travis Dermott, Morgan Rielly - PP : Travis Dermott - PK : Andreas Englund, Travis Dermott
Penalty Shots
Claude Giroux, Mikael Granlund, Jaden Schwartz, Jack Eichel, Mark Pysyk
Custom OT Lines Forwards
Claude Giroux, Mikael Granlund, Jaden Schwartz, Jack Eichel, Mark Pysyk, Reilly Smith, Alexander Ovechkin, Andy Miele, Nicolas Kerdiles, Scott Laughton
Custom OT Lines Defensemen
Ryan Mcdonagh, John Moore, Justin Faulk, Andreas Englund, Morgan Rielly
Scratches
Anton Gustafsson (Healthy)
Sabres
5 vs 5 Forward
Center Left Wing Right Wing Time % Phy DF OF
1 Mika Zibanejad Artemi Panarin Cal Clutterbuck 40 1 2 2
2 Jordan Staal Samuel Morin Viktor Arvidsson 30 1 2 2
3 Evgeni Malkin Robby Fabbri Corey Perry 20 1 2 2
4 Kyle Rau Mika Zibanejad Kyle Okposo 10 1 2 2
5 vs 5 Defense
Defense Defense Time % Phy DF OF
1 Mathew Dumba Victor Hedman 40 1 2 2
2 Nate Schmidt Neal Pionk 30 1 2 2
3 Tyson Barrie Noah Hanifin 20 1 2 2
4 Mathew Dumba Victor Hedman 10 1 2 2
PowerPlay Forward
Center Left Wing Right Wing Time % Phy DF OF
1 Mika Zibanejad Artemi Panarin Cal Clutterbuck 60 1 2 2
2 Jordan Staal Samuel Morin Viktor Arvidsson 40 1 2 2
PowerPlay Defense
Defense Defense Time % Phy DF OF
1 Mathew Dumba Victor Hedman 60 1 2 2
2 Nate Schmidt Neal Pionk 40 1 2 2
Penalty Kill 4 Players Forward
Center Wing Time % Phy DF OF
1 Mika Zibanejad Artemi Panarin 60 1 2 2
2 Jordan Staal Evgeni Malkin 40 1 2 2
Penalty Kill 4 Players Defense
Defense Defense Time % Phy DF OF
1 Mathew Dumba Victor Hedman 60 1 2 2
2 Nate Schmidt Neal Pionk 40 1 2 2
Penalty Kill - 3 Players Forward
Forward Time % Phy DF OF
1 Mika Zibanejad 60 1 2 2
2 Artemi Panarin 40 1 2 2
Penalty Kill - 3 Players Defense
Defense Defense Time % Phy DF OF
1 Mathew Dumba Victor Hedman 60 1 2 2
2 Nate Schmidt Neal Pionk 40 1 2 2
4 vs 4 Forward
Center Wing Time % Phy DF OF
1 Mika Zibanejad Artemi Panarin 60 1 2 2
2 Jordan Staal Evgeni Malkin 40 1 2 2
4 vs 4 Defense
Defense Defense Time % Phy DF OF
1 Mathew Dumba Victor Hedman 60 1 2 2
2 Nate Schmidt Neal Pionk 40 1 2 2
Last Minutes Offensive
Center Left Wing Right Wing Defense Defense
Mika Zibanejad Artemi Panarin Cal Clutterbuck Mathew Dumba Victor Hedman
Last Minutes Defensive
Center Left Wing Right Wing Defense Defense
Mika Zibanejad Artemi Panarin Cal Clutterbuck Mathew Dumba Victor Hedman
Goaltenders
Starting : John Gibson
Backup : Cam Talbot
Extra Forwards
Normal : Ilya Kovalchuk, Corey Perry, Kyle Okposo - PP : Ilya Kovalchuk, Corey Perry - PK : Kyle Okposo
Extra Defensemen
Normal : Tyson Barrie, Noah Hanifin, Nate Schmidt - PP : Tyson Barrie - PK : Noah Hanifin, Nate Schmidt
Penalty Shots
Mika Zibanejad, Artemi Panarin, Jordan Staal, Evgeni Malkin, Cal Clutterbuck
Custom OT Lines Forwards
Mika Zibanejad, Artemi Panarin, Jordan Staal, Evgeni Malkin, Cal Clutterbuck, Viktor Arvidsson, Samuel Morin, Corey Perry, Kyle Okposo, Ilya Kovalchuk
Custom OT Lines Defensemen
Mathew Dumba, Victor Hedman, Nate Schmidt, Neal Pionk, Tyson Barrie
Scratches
Alex Killorn (Healthy)
% Time on Ice - Predators
Lines # - Real PCT - Wanted PCT - Time Play
Normal Forward
1 - 36% - 40% - 15:50
2 - 30% - 30% - 13:09
3 - 17% - 20% - 7:39
4 - 17% - 10% - 7:15
Normal Defense
1 - 38% - 40% - 16:41
2 - 36% - 30% - 15:55
3 - 26% - 20% - 11:17
4 - 0% - 10% - 0:00
PP Forward
1 - 55% - 60% - 2:18
2 - 45% - 40% - 1:55
PP Defense
1 - 69% - 60% - 2:55
2 - 31% - 40% - 1:18
PK Forward
1 - 68% - 60% - 6:54
2 - 32% - 40% - 3:16
PK Defense
1 - 60% - 60% - 6:05
2 - 40% - 40% - 4:05
PK3 Forward
1 - 0% - 60%
2 - 0% - 40%
PK3 Defense
1 - 0% - 60%
2 - 0% - 40%
44 Forward
1 - 99% - 60% - 1:43
2 - 1% - 40% - 0:01
44 Defense
1 - 100% - 60% - 1:44
2 - 0% - 40% - 0:00
Last Minute Offensive - 0:00
Last Minute Defensive - 0:00
Total
Forward - 60:00
Defense - 60:00
|
% Time on Ice - Sabres
Lines # - Real PCT - Wanted PCT - Time Play
Normal Forward
1 - 34% - 40% - 15:08
2 - 30% - 30% - 13:00
3 - 21% - 20% - 9:07
4 - 15% - 10% - 6:38
Normal Defense
1 - 36% - 40% - 15:56
2 - 34% - 30% - 14:44
3 - 27% - 20% - 11:43
4 - 3% - 10% - 1:30
PP Forward
1 - 57% - 60% - 5:45
2 - 43% - 40% - 4:25
PP Defense
1 - 58% - 60% - 5:51
2 - 42% - 40% - 4:19
PK Forward
1 - 74% - 60% - 3:08
2 - 26% - 40% - 1:05
PK Defense
1 - 61% - 60% - 2:35
2 - 39% - 40% - 1:38
PK3 Forward
1 - 0% - 60%
2 - 0% - 40%
PK3 Defense
1 - 0% - 60%
2 - 0% - 40%
44 Forward
1 - 100% - 60% - 1:44
2 - 0% - 40% - 0:00
44 Defense
1 - 81% - 60% - 1:24
2 - 19% - 40% - 0:20
Last Minute Offensive - 0:00
Last Minute Defensive - 0:00
Total
Forward - 60:00
Defense - 60:00
|
Play-by-Play
1st period
0:01 of 1st period - Jack Eichel wins face-off versus Mika Zibanejad in neutral zone.
1:21 of 1st period - Wrist shot by Kyle Okposo.
1:21 of 1st period - Shot Misses the Net.
2:19 of 1st period - Snap shot by Andy Miele.
2:19 of 1st period - Stopped by John Gibson without a rebound.
2:20 of 1st period - Mika Zibanejad wins face-off versus Jack Eichel in Sabres zone.
2:29 of 1st period - Artemi Panarin is hit by Justin Faulk and loses puck.
3:12 of 1st period - Tyson Barrie is hit by Reilly Smith and loses puck.
3:17 of 1st period - Wrist shot by Claude Giroux.
3:17 of 1st period - Stopped by John Gibson with a rebound.
3:19 of 1st period - Snap shot by Justin Faulk.
3:19 of 1st period - Deflect By Reilly Smith.
3:19 of 1st period - Shot Misses the Net.
3:19 of 1st period - Puck is out of play.
3:20 of 1st period - Samuel Morin wins face-off versus Jack Eichel in Sabres zone.
3:37 of 1st period - Minor Penalty to Mathew Dumba for Delaying the game.
3:38 of 1st period - Jack Eichel wins face-off versus Mika Zibanejad in Sabres zone.
4:17 of 1st period - Slapshot by Reilly Smith.
4:17 of 1st period - Stopped by John Gibson with a rebound.
4:37 of 1st period - Jack Eichel is hit by Nate Schmidt.
5:37 of 1st period - Penalty to Mathew Dumba is over, Mathew Dumba is back on ice.
5:44 of 1st period - Tyson Barrie is hit by Ryan Mcdonagh and loses puck.
5:55 of 1st period - Nicolas Kerdiles is hit by Robby Fabbri and loses puck.
6:02 of 1st period - Snap shot by Robby Fabbri.
6:02 of 1st period - Stopped by Andrei Vasilevskiy without a rebound.
6:03 of 1st period - Mika Zibanejad wins face-off versus Markus Granlund in Predators zone.
6:06 of 1st period - Snap shot by Cal Clutterbuck.
6:06 of 1st period - Shot Misses the Net.
6:16 of 1st period - Wrist shot by Nicolas Kerdiles.
6:16 of 1st period - Shot Misses the Net.
6:18 of 1st period - Snap shot by John Moore.
6:18 of 1st period - Shot Misses the Net.
7:18 of 1st period - Andy Miele is hit by Nate Schmidt and loses puck.
7:55 of 1st period - Artemi Panarin is hit by Scott Laughton and loses puck.
8:00 of 1st period - Snap shot by Jaden Schwartz.
8:00 of 1st period - Shot Blocked by Victor Hedman.
8:02 of 1st period - Snap shot by Jaden Schwartz.
8:02 of 1st period - Stopped by John Gibson with a rebound.
8:04 of 1st period - Slapshot by Scott Laughton.
8:04 of 1st period - Stopped by John Gibson with a rebound.
8:38 of 1st period - Slapshot by Victor Hedman.
8:38 of 1st period - Shot Blocked by Alexander Ovechkin.
8:59 of 1st period - Off-side.
9:00 of 1st period - Cal Clutterbuck wins face-off versus Markus Granlund in neutral zone.
9:03 of 1st period - Justin Faulk is hit by Artemi Panarin and loses puck.
9:26 of 1st period - Jack Eichel is hit by Jordan Staal and loses puck.
9:47 of 1st period - Wrist shot by Jaden Schwartz.
9:47 of 1st period - Shot Misses the Net.
10:13 of 1st period - Wrist shot by Mika Zibanejad.
10:13 of 1st period - Shot Blocked by Morgan Rielly.
10:15 of 1st period - Snap shot by Cal Clutterbuck.
10:15 of 1st period - Shot Misses the Net.
10:17 of 1st period - Backhand shot by Cal Clutterbuck.
10:17 of 1st period - Shot Misses the Net.
10:49 of 1st period - Wrist shot by Jack Eichel.
10:49 of 1st period - Shot Misses the Net.
11:14 of 1st period - Snap shot by Jaden Schwartz.
11:14 of 1st period - Shot Misses the Net.
11:27 of 1st period - Icing by Jaden Schwartz.
11:28 of 1st period - Mika Zibanejad wins face-off versus Andy Miele in Predators zone.
11:41 of 1st period - Wrist shot by Mika Zibanejad.
11:41 of 1st period - Stopped by Andrei Vasilevskiy with a rebound.
12:47 of 1st period - Nicolas Kerdiles is hit by Mathew Dumba and loses puck.
12:58 of 1st period - Jordan Staal is hit by Reilly Smith and loses puck.
13:19 of 1st period - Slapshot by Mikael Granlund.
13:19 of 1st period - Deflect By Jack Eichel.
13:19 of 1st period - Shot Blocked by Mika Zibanejad.
13:19 of 1st period - Puck is out of play.
13:20 of 1st period - Jordan Staal wins face-off versus Jack Eichel in Sabres zone.
13:20 of 1st period - Jordan Staal is hit by Alexander Ovechkin.
13:26 of 1st period - Alexander Ovechkin is hit by Tyson Barrie and loses puck.
13:32 of 1st period - Minor Penalty to Jack Eichel for Hooking.
13:33 of 1st period - Andy Miele wins face-off versus Cal Clutterbuck in Predators zone.
14:06 of 1st period - Snap shot by Samuel Morin.
14:06 of 1st period - Shot Misses the Net.
14:08 of 1st period - Slapshot by Samuel Morin.
14:08 of 1st period - Stopped by Andrei Vasilevskiy with a rebound.
14:10 of 1st period - Slapshot by Neal Pionk.
14:10 of 1st period - Stopped by Andrei Vasilevskiy with a rebound.
15:00 of 1st period - Samuel Morin is hit by John Moore and loses puck.
15:32 of 1st period - Penalty to Jack Eichel is over, Jack Eichel is back on ice.
15:51 of 1st period - Evgeni Malkin is hit by Travis Dermott and loses puck.
16:02 of 1st period - Tyson Barrie is hit by Reilly Smith and loses puck.
16:59 of 1st period - Reilly Smith is hit by Mika Zibanejad and loses puck.
17:26 of 1st period - Slapshot by Justin Faulk.
17:26 of 1st period - Deflect By Nicolas Kerdiles.
17:26 of 1st period - Goal by Nicolas Kerdiles - Predators : 1 - Sabres : 0.
17:27 of 1st period - Mika Zibanejad wins face-off versus Jack Eichel in neutral zone.
17:39 of 1st period - Icing by Morgan Rielly.
17:40 of 1st period - Mika Zibanejad wins face-off versus Jack Eichel in Predators zone.
18:11 of 1st period - Wrist shot by Jaden Schwartz.
18:11 of 1st period - Stopped by John Gibson with a rebound.
18:13 of 1st period - Slapshot by Mark Pysyk.
18:13 of 1st period - Deflect By Scott Laughton.
18:13 of 1st period - Stopped by John Gibson without a rebound.
18:14 of 1st period - Scott Laughton wins face-off versus Mika Zibanejad in Sabres zone.
18:21 of 1st period - Slapshot by Mark Pysyk.
18:21 of 1st period - Shot Misses the Net.
18:23 of 1st period - Slapshot by Justin Faulk.
18:23 of 1st period - Shot Misses the Net.
18:25 of 1st period - Slapshot by Justin Faulk.
18:25 of 1st period - Stopped by John Gibson with a rebound.
18:27 of 1st period - Slapshot by Justin Faulk.
18:27 of 1st period - Goal by Justin Faulk - Predators : 2 - Sabres : 0.
18:28 of 1st period - Mika Zibanejad wins face-off versus Alexander Ovechkin in neutral zone.
18:35 of 1st period - Mika Zibanejad is hit by Alexander Ovechkin and loses puck.
19:00 of 1st period - Slapshot by Jordan Staal.
19:00 of 1st period - Shot Misses the Net.
19:18 of 1st period - Snap shot by Nicolas Kerdiles.
19:18 of 1st period - Stopped by John Gibson with a rebound.
19:20 of 1st period - Snap shot by Travis Dermott.
19:20 of 1st period - Shot Misses the Net.
19:58 of 1st period - Snap shot by Mikael Granlund.
19:58 of 1st period - Stopped by John Gibson without a rebound.
19:59 of 1st period - Jack Eichel wins face-off versus Jordan Staal in Sabres zone.
Goals for this period are 2 for Predators vs 0 for Sabres.
Shots for this period are 12 for Predators vs 4 for Sabres.
2nd period
0:01 of 2nd period - Artemi Panarin wins face-off versus Jack Eichel in neutral zone.
0:26 of 2nd period - Justin Faulk is hit by Nate Schmidt and loses puck.
0:33 of 2nd period - Wrist shot by Samuel Morin.
0:33 of 2nd period - Stopped by Andrei Vasilevskiy with a rebound.
0:35 of 2nd period - Snap shot by Samuel Morin.
0:35 of 2nd period - Deflect By Viktor Arvidsson.
0:35 of 2nd period - Shot Blocked by Ryan Mcdonagh.
0:35 of 2nd period - Puck is out of play.
0:36 of 2nd period - Artemi Panarin wins face-off versus Jack Eichel in Predators zone.
0:41 of 2nd period - Wrist shot by Artemi Panarin.
0:41 of 2nd period - Stopped by Andrei Vasilevskiy with a rebound.
0:45 of 2nd period - Wrist shot by Cal Clutterbuck.
0:45 of 2nd period - Stopped by Andrei Vasilevskiy without a rebound.
0:46 of 2nd period - Jack Eichel wins face-off versus Mika Zibanejad in Predators zone.
1:07 of 2nd period - Snap shot by Artemi Panarin.
1:07 of 2nd period - Shot Blocked by John Moore.
1:09 of 2nd period - Snap shot by Victor Hedman.
1:09 of 2nd period - Stopped by Andrei Vasilevskiy with a rebound.
1:11 of 2nd period - Snap shot by Mika Zibanejad.
1:11 of 2nd period - Stopped by Andrei Vasilevskiy with a rebound.
1:13 of 2nd period - Snap shot by Victor Hedman.
1:13 of 2nd period - Stopped by Andrei Vasilevskiy without a rebound.
1:14 of 2nd period - Scott Laughton wins face-off versus Jordan Staal in Predators zone.
1:31 of 2nd period - Snap shot by Viktor Arvidsson.
1:31 of 2nd period - Stopped by Andrei Vasilevskiy with a rebound.
2:14 of 2nd period - Minor Penalty to Travis Dermott for Slashing.
2:15 of 2nd period - Mika Zibanejad wins face-off versus Andy Miele in Predators zone.
3:08 of 2nd period - Icing by Mika Zibanejad.
3:09 of 2nd period - Andy Miele wins face-off versus Mika Zibanejad in Sabres zone.
3:36 of 2nd period - Slapshot by Mathew Dumba.
3:36 of 2nd period - Shot Misses the Net.
4:14 of 2nd period - Penalty to Travis Dermott is over, Travis Dermott is back on ice.
4:14 of 2nd period - Viktor Arvidsson is hit by Andy Miele and loses puck.
4:22 of 2nd period - Icing by Nate Schmidt.
4:23 of 2nd period - Jack Eichel wins face-off versus Jordan Staal in Sabres zone.
5:03 of 2nd period - Slapshot by Mika Zibanejad.
5:03 of 2nd period - Stopped by Andrei Vasilevskiy with a rebound.
6:33 of 2nd period - Morgan Rielly is hit by Kyle Rau and loses puck.
6:53 of 2nd period - Alexander Ovechkin is hit by Tyson Barrie and loses puck.
8:06 of 2nd period - Andy Miele is hit by Robby Fabbri and loses puck.
8:23 of 2nd period - Minor Penalty to Reilly Smith for Roughing.
8:24 of 2nd period - Andy Miele wins face-off versus Mika Zibanejad in Predators zone.
8:54 of 2nd period - Snap shot by Samuel Morin.
8:54 of 2nd period - Stopped by Andrei Vasilevskiy with a rebound.
10:23 of 2nd period - Penalty to Reilly Smith is over, Reilly Smith is back on ice.
11:13 of 2nd period - Nate Schmidt is hit by Scott Laughton and loses puck.
11:24 of 2nd period - Snap shot by Kyle Rau.
11:24 of 2nd period - Stopped by Andrei Vasilevskiy without a rebound.
11:25 of 2nd period - Jack Eichel wins face-off versus Jordan Staal in Predators zone.
11:56 of 2nd period - Off-side.
11:57 of 2nd period - Andy Miele wins face-off versus Mika Zibanejad in neutral zone.
12:30 of 2nd period - Wrist shot by Artemi Panarin.
12:30 of 2nd period - Stopped by Andrei Vasilevskiy with a rebound.
12:38 of 2nd period - Wrist shot by Mika Zibanejad.
12:38 of 2nd period - Stopped by Andrei Vasilevskiy with a rebound.
12:40 of 2nd period - Wrist shot by Mika Zibanejad.
12:40 of 2nd period - Shot Blocked by Reilly Smith.
12:57 of 2nd period - Reilly Smith is hit by Mika Zibanejad and loses puck.
13:02 of 2nd period - Snap shot by Cal Clutterbuck.
13:02 of 2nd period - Stopped by Andrei Vasilevskiy without a rebound.
13:03 of 2nd period - Jordan Staal wins face-off versus Jack Eichel in Predators zone.
13:08 of 2nd period - Wrist shot by Viktor Arvidsson.
13:08 of 2nd period - Deflect By Samuel Morin.
13:08 of 2nd period - Shot Hit the Post.
13:08 of 2nd period - Puck is out of play.
13:09 of 2nd period - Jordan Staal wins face-off versus Jack Eichel in Predators zone.
13:27 of 2nd period - Minor Penalty to Jack Eichel for Holding Stick.
13:28 of 2nd period - Artemi Panarin wins face-off versus Andy Miele in Predators zone.
13:54 of 2nd period - Justin Faulk is hit by Jordan Staal and loses puck.
15:17 of 2nd period - Artemi Panarin is hit by Andy Miele and loses puck.
15:27 of 2nd period - Penalty to Jack Eichel is over, Jack Eichel is back on ice.
17:49 of 2nd period - Justin Faulk is hit by Jordan Staal and loses puck.
18:04 of 2nd period - Victor Hedman is hit by Claude Giroux and loses puck.
18:21 of 2nd period - Snap shot by Nicolas Kerdiles.
18:21 of 2nd period - Stopped by John Gibson with a rebound.
18:44 of 2nd period - Slapshot by Mathew Dumba.
18:44 of 2nd period - Stopped by Andrei Vasilevskiy without a rebound.
18:45 of 2nd period - Jack Eichel wins face-off versus Jordan Staal in Predators zone.
19:01 of 2nd period - Slapshot by Justin Faulk.
19:01 of 2nd period - Stopped by John Gibson without a rebound.
19:02 of 2nd period - Mika Zibanejad wins face-off versus Scott Laughton in Sabres zone.
19:11 of 2nd period - Snap shot by Mika Zibanejad.
19:11 of 2nd period - Stopped by Andrei Vasilevskiy without a rebound.
19:12 of 2nd period - Mika Zibanejad wins face-off versus Jaden Schwartz in Predators zone.
19:35 of 2nd period - Slapshot by Mark Pysyk.
19:35 of 2nd period - Stopped by John Gibson without a rebound.
19:36 of 2nd period - Jordan Staal wins face-off versus Jack Eichel in Sabres zone.
19:45 of 2nd period - Snap shot by Viktor Arvidsson.
19:45 of 2nd period - Shot Blocked by Mikael Granlund.
19:47 of 2nd period - Snap shot by Samuel Morin.
19:47 of 2nd period - Stopped by Andrei Vasilevskiy with a rebound.
19:49 of 2nd period - Wrist shot by Victor Hedman.
19:49 of 2nd period - Stopped by Andrei Vasilevskiy without a rebound.
19:50 of 2nd period - Mika Zibanejad wins face-off versus Jack Eichel in Predators zone.
19:51 of 2nd period - Slapshot by Cal Clutterbuck.
19:51 of 2nd period - Stopped by Andrei Vasilevskiy with a rebound.
19:53 of 2nd period - Slapshot by Victor Hedman.
19:53 of 2nd period - Shot Misses the Net.
19:55 of 2nd period - Snap shot by Artemi Panarin.
19:55 of 2nd period - Stopped by Andrei Vasilevskiy with a rebound.
19:57 of 2nd period - Slapshot by Artemi Panarin.
19:57 of 2nd period - Shot Misses the Net.
19:59 of 2nd period - Slapshot by Mathew Dumba.
19:59 of 2nd period - Shot Misses the Net.
Goals for this period are 0 for Predators vs 0 for Sabres.
Shots for this period are 3 for Predators vs 19 for Sabres.
3rd period
0:01 of 3rd period - Jack Eichel wins face-off versus Mika Zibanejad in neutral zone.
0:15 of 3rd period - Snap shot by Cal Clutterbuck.
0:15 of 3rd period - Shot Misses the Net.
0:44 of 3rd period - Minor Penalty to Scott Laughton for Hooking.
0:45 of 3rd period - Mika Zibanejad wins face-off versus Andy Miele in Predators zone.
2:44 of 3rd period - Penalty to Scott Laughton is over, Scott Laughton is back on ice.
2:49 of 3rd period - Jordan Staal is hit by Travis Dermott and loses puck.
3:02 of 3rd period - Wrist shot by Evgeni Malkin.
3:02 of 3rd period - Stopped by Andrei Vasilevskiy with a rebound.
3:04 of 3rd period - Snap shot by Noah Hanifin.
3:04 of 3rd period - Shot Misses the Net.
3:06 of 3rd period - Slapshot by Evgeni Malkin.
3:06 of 3rd period - Shot Blocked by Travis Dermott.
3:08 of 3rd period - Snap shot by Tyson Barrie.
3:08 of 3rd period - Shot Blocked by Markus Granlund.
3:10 of 3rd period - Wrist shot by Robby Fabbri.
3:10 of 3rd period - Deflect By Corey Perry.
3:10 of 3rd period - Shot Misses the Net.
3:10 of 3rd period - Puck is out of play.
3:11 of 3rd period - Jack Eichel wins face-off versus Evgeni Malkin in Predators zone.
3:59 of 3rd period - Slapshot by Viktor Arvidsson.
3:59 of 3rd period - Shot Blocked by Morgan Rielly.
4:05 of 3rd period - Snap shot by Viktor Arvidsson.
4:05 of 3rd period - Shot Misses the Net.
4:29 of 3rd period - Victor Hedman is hit by Claude Giroux and loses puck.
4:46 of 3rd period - Wrist shot by Mikael Granlund.
4:46 of 3rd period - Shot Hit the Post.
5:00 of 3rd period - Justin Faulk is hit by Kyle Rau and loses puck.
5:08 of 3rd period - Off-side.
5:09 of 3rd period - Scott Laughton wins face-off versus Jordan Staal in neutral zone.
5:09 of 3rd period - Scott Laughton is hit by Jordan Staal.
5:35 of 3rd period - Noah Hanifin is hit by Alexander Ovechkin and loses puck.
6:01 of 3rd period - Cal Clutterbuck is hit by Alexander Ovechkin.
6:27 of 3rd period - Mika Zibanejad is hit by Andreas Englund and loses puck.
7:11 of 3rd period - John Moore is hit by Noah Hanifin and loses puck.
7:18 of 3rd period - Snap shot by Cal Clutterbuck.
7:18 of 3rd period - Stopped by Andrei Vasilevskiy with a rebound.
7:38 of 3rd period - Snap shot by Artemi Panarin.
7:38 of 3rd period - Stopped by Andrei Vasilevskiy without a rebound.
7:39 of 3rd period - Jordan Staal wins face-off versus Scott Laughton in Predators zone.
7:48 of 3rd period - Snap shot by Viktor Arvidsson.
7:48 of 3rd period - Shot Misses the Net.
7:50 of 3rd period - Snap shot by Viktor Arvidsson.
7:50 of 3rd period - Deflect By Samuel Morin.
7:50 of 3rd period - Goal by Samuel Morin - Predators : 2 - Sabres : 1.
7:51 of 3rd period - Scott Laughton wins face-off versus Jordan Staal in neutral zone.
7:54 of 3rd period - Slapshot by Ryan Mcdonagh.
7:54 of 3rd period - Stopped by John Gibson with a rebound.
8:00 of 3rd period - Wrist shot by Mark Pysyk.
8:00 of 3rd period - Shot Misses the Net.
8:18 of 3rd period - Corey Perry is hit by Reilly Smith and loses puck.
8:58 of 3rd period - Off-side.
8:59 of 3rd period - Kyle Okposo wins face-off versus Scott Laughton in neutral zone.
9:04 of 3rd period - Slapshot by Victor Hedman.
9:04 of 3rd period - Shot Blocked by Travis Dermott.
9:06 of 3rd period - Slapshot by Victor Hedman.
9:06 of 3rd period - Shot Misses the Net.
9:08 of 3rd period - Slapshot by Victor Hedman.
9:08 of 3rd period - Stopped by Andrei Vasilevskiy with a rebound.
9:36 of 3rd period - Wrist shot by Kyle Okposo.
9:36 of 3rd period - Shot Blocked by Mark Pysyk.
9:38 of 3rd period - Slapshot by Victor Hedman.
9:38 of 3rd period - Shot Misses the Net.
9:40 of 3rd period - Snap shot by Kyle Rau.
9:40 of 3rd period - Stopped by Andrei Vasilevskiy with a rebound.
9:42 of 3rd period - Slapshot by Victor Hedman.
9:42 of 3rd period - Stopped by Andrei Vasilevskiy without a rebound.
9:43 of 3rd period - Reilly Smith wins face-off versus Jordan Staal in Predators zone.
9:58 of 3rd period - Snap shot by Viktor Arvidsson.
9:58 of 3rd period - Shot Misses the Net.
10:00 of 3rd period - Snap shot by Viktor Arvidsson.
10:00 of 3rd period - Shot Misses the Net.
10:10 of 3rd period - Jack Eichel is hit by Artemi Panarin.
10:16 of 3rd period - Wrist shot by Artemi Panarin.
10:16 of 3rd period - Stopped by Andrei Vasilevskiy without a rebound.
10:17 of 3rd period - Jack Eichel wins face-off versus Mika Zibanejad in Predators zone.
10:17 of 3rd period - Jack Eichel is hit by Artemi Panarin.
10:32 of 3rd period - Minor Penalty to Cal Clutterbuck for Tripping.
10:33 of 3rd period - Mika Zibanejad wins face-off versus Jack Eichel in Sabres zone.
10:49 of 3rd period - Snap shot by Mika Zibanejad.
10:49 of 3rd period - Stopped by Andrei Vasilevskiy without a rebound.
10:50 of 3rd period - Mika Zibanejad wins face-off versus Mikael Granlund in Predators zone.
11:03 of 3rd period - Slapshot by Justin Faulk.
11:03 of 3rd period - Stopped by John Gibson without a rebound.
11:04 of 3rd period - Artemi Panarin wins face-off versus Jack Eichel in Sabres zone.
11:41 of 3rd period - Snap shot by Reilly Smith.
11:41 of 3rd period - Shot Misses the Net.
11:57 of 3rd period - Slapshot by Jaden Schwartz.
11:57 of 3rd period - Stopped by John Gibson without a rebound.
11:58 of 3rd period - Jack Eichel wins face-off versus Mika Zibanejad in Sabres zone.
12:01 of 3rd period - Slapshot by Mikael Granlund.
12:01 of 3rd period - Stopped by John Gibson without a rebound.
12:02 of 3rd period - Mika Zibanejad wins face-off versus Jack Eichel in Sabres zone.
12:32 of 3rd period - Penalty to Cal Clutterbuck is over, Cal Clutterbuck is back on ice.
12:33 of 3rd period - Snap shot by Jordan Staal.
12:33 of 3rd period - Stopped by Andrei Vasilevskiy with a rebound.
12:51 of 3rd period - Nicolas Kerdiles is hit by Jordan Staal and loses puck.
13:10 of 3rd period - Slapshot by Neal Pionk.
13:10 of 3rd period - Shot Misses the Net.
13:12 of 3rd period - Slapshot by Mika Zibanejad.
13:12 of 3rd period - Shot Misses the Net.
13:18 of 3rd period - Minor Penalty to Justin Faulk for Tripping.
13:19 of 3rd period - Artemi Panarin wins face-off versus Andy Miele in Predators zone.
13:33 of 3rd period - Minor Penalty to Artemi Panarin for Cross-checking.
13:34 of 3rd period - Mikael Granlund wins face-off versus Mika Zibanejad in Sabres zone.
13:41 of 3rd period - Snap shot by Mikael Granlund.
13:41 of 3rd period - Stopped by John Gibson without a rebound.
13:42 of 3rd period - Mikael Granlund wins face-off versus Mika Zibanejad in Sabres zone.
14:15 of 3rd period - Wrist shot by Alexander Ovechkin.
14:15 of 3rd period - Goal by Alexander Ovechkin - Predators : 3 - Sabres : 1.
14:16 of 3rd period - Mikael Granlund wins face-off versus Mika Zibanejad in neutral zone.
14:25 of 3rd period - Snap shot by Mikael Granlund.
14:25 of 3rd period - Stopped by John Gibson without a rebound.
14:26 of 3rd period - Mika Zibanejad wins face-off versus Mikael Granlund in Sabres zone.
14:57 of 3rd period - Wrist shot by Mika Zibanejad.
14:57 of 3rd period - Stopped by Andrei Vasilevskiy without a rebound.
14:58 of 3rd period - Mikael Granlund wins face-off versus Mika Zibanejad in Predators zone.
15:18 of 3rd period - Penalty to Justin Faulk is over, Justin Faulk is back on ice.
15:22 of 3rd period - Nate Schmidt is hit by Justin Faulk and loses puck.
15:33 of 3rd period - Penalty to Artemi Panarin is over, Artemi Panarin is back on ice.
16:34 of 3rd period - Wrist shot by Jack Eichel.
16:34 of 3rd period - Shot Misses the Net.
16:36 of 3rd period - Slapshot by Jack Eichel.
16:36 of 3rd period - Stopped by John Gibson without a rebound.
16:37 of 3rd period - Scott Laughton wins face-off versus Viktor Arvidsson in Sabres zone.
16:42 of 3rd period - Viktor Arvidsson is hit by Mark Pysyk and loses puck.
16:47 of 3rd period - Wrist shot by Jaden Schwartz.
16:47 of 3rd period - Shot Misses the Net.
16:49 of 3rd period - Slapshot by Jaden Schwartz.
16:49 of 3rd period - Stopped by John Gibson with a rebound.
16:51 of 3rd period - Wrist shot by Scott Laughton.
16:51 of 3rd period - Stopped by John Gibson without a rebound.
16:52 of 3rd period - Jordan Staal wins face-off versus Scott Laughton in Sabres zone.
16:52 of 3rd period - Jordan Staal is hit by Andreas Englund.
17:46 of 3rd period - Mika Zibanejad is hit by Scott Laughton.
Goals for this period are 1 for Predators vs 1 for Sabres.
Shots for this period are 10 for Predators vs 11 for Sabres.